 Dungeon Crawl Stone Soup version 0.30.0-11-gf55b779eaf (webtiles) character file.

Game seed: 1748590572268898608

336 GigaChad the Covered (level 6, -1/55 HPs)
             Began as an Armataur Fighter on May 17, 2023.
             Slain by an ufetubus (3 damage)
             ... summoned by Eustachio
             ... on level 4 of the Dungeon.
             The game lasted 00:02:49 (2752 turns).

GigaChad the Covered (Armataur Fighter)             Turns: 2752, Time: 00:02:49

Health: -1/55      AC:  7    Str: 23    XL:     6   Next: 28%
Magic:  6/6        EV:  7    Int:  9    God:
Gold:   119        SH:  4    Dex:  9    Spells: 5/5 levels left

rFire   . . .        a - +1 war axe
rCold   . . .        c - +0 buckler
rNeg    . . .        b - +0 scale mail
rPois   .            (no helmet)
rElec   .            (no cloak)
rCorr   .            (no gloves)
SInv    .            (no barding)
Will    .....        (no amulet) Stlth
                     (no ring)
HPRegen 0.29/turn    (no ring)
MPRegen 0.10/turn

%: roll
@: no status effects
A: large, rugged brown scales 3, deformed body, armoured tail, roll, long
tongue, awkward tongue
a: no special abilities


You were on level 4 of the Dungeon.
You visited 1 branch of the dungeon, and saw 4 of its levels.

You collected 119 gold pieces.

Inventory:

Hand Weapons
 a - a +1 war axe (weapon)
Armour
 b - a +0 scale mail (worn)
 c - a +0 buckler (worn)
Scrolls
 i - a scroll of teleportation
Potions
 d - 3 potions of might
 e - 4 potions of curing
 f - a potion of berserk rage
 k - a potion of lignification {unknown}
 l - a potion of heal wounds {unknown}


   Skills:
 * Level 3.6 Fighting
 * Level 3.8 Axes
 * Level 5.0 Armour
 * Level 4.3 Shields


You had 5 spell levels left.
You didn't know any spells.
Your spell library contained the following spells:

 Spells                   Type           Power      Damage    Failure   Level
 Foxfire                  Conj/Fire      0%         2x1d4     75%         1
 Magic Dart               Conj           0%         1d3       75%         1
 Scorch                   Fire           0%         2d5       87%         2
 Searing Ray              Conj           0%         2d4       87%         2
 Ignite Poison            Fire/Tmut/Pois 0%         N/A       98%         3
 Flame Wave               Conj/Fire      0%         2d4       100%        4
 Fulminant Prism          Conj/Hex       0%         3d5       100%        4
 Sticky Flame             Conj/Fire      0%         2d3       100%        4
 Fireball                 Conj/Fire      0%         3d3       100%        5
 Plasma Beam              Fire/Air       0%         2x1d11    100%        6
 Starburst                Conj/Fire      0%         6d3       100%        6
 Summon Cactus Giant      Summ           0%         N/A       100%        6
 Ignition                 Fire           0%         3d3       100%        8


Dungeon Overview and Level Annotations

Branches:
Dungeon (4/15)
 Temple: D:4-7

Altars:

Shops:
D:1 (

Annotations:
D:4 Eustachio


Innate Abilities, Weirdness & Mutations

You are completely covered in rugged brown scales. (AC +3, +7% HP)
Armour fits poorly on your strangely shaped body.
You have a long armoured tail.
You roll when moving toward enemies. (Rampage)
Your long tongue fully drains potion bottles. (2x potion effects)
Your tongue gives you trouble enunciating. (1.5x scroll delay)


Message History

* * * LOW HITPOINT WARNING * * *
The crimson imp blinks!
The quokka bites you but does no damage.
Unknown command.
You miss the quokka.
The quokka is almost dead.
You completely miss the white imp. You barely miss Eustachio.
The quokka bites you but does no damage.
Eustachio screams, "At last I'll have my revenge!"
Eustachio hits you but does no damage. The white imp hits you.
* * * LOW HITPOINT WARNING * * *
The white imp freezes you.
* * * LOW HITPOINT WARNING * * *
You slash the quokka!
You kill the quokka!
The quokka's corpse disappears in a puff of smoke!
You closely miss the white imp. You closely miss Eustachio.
Eustachio casts a spell.
Eustachio blinks!
The white imp shouts, "Give up, thou fobbing weevil-witted bounder!"
The white imp hits you but does no damage.
Eustachio gestures wildly while chanting.
The white imp hits you but does no damage.
You roll towards the shadow imp!
The white imp disappears in a puff of smoke!
Unknown command.
You roll towards the ufetubus!
The ufetubus barely misses you.
The ufetubus hits you but does no damage.
The shadow imp hits you.
* * * LOW HITPOINT WARNING * * *
The ufetubus hits you.
* * * LOW HITPOINT WARNING * * *
The ufetubus barely misses you.
You barely miss the ufetubus.
Your tail-slap misses the ufetubus.
You slash the shadow imp!
You kill the shadow imp!
The shadow imp disappears in a puff of smoke!
The ufetubus hits you but does no damage. x2
The crimson imp blinks!
You block the ufetubus's attack. The ufetubus hits you.
You die...

..#...##..## .
......#...# ..
..... ... ...
...# ..# #...
#..# ..## #....
#..# ...#
......##..##@.$#
........ยง..@5..#
########.).....#
#.......#
#<5##..##
#..##..##
#......)#
#.......#
#.......# ###+
#.###..##


You could see Eustachio, a crimson imp (summoned) and an ufetubus (summoned).

Vanquished Creatures
  2 phantoms (D:3)
  An iguana (D:3)
  An orc wizard (D:3)
  4 adders (D:2)
  3 dart slugs
  4 orcs (D:3)
  6 bats
  7 endoplasms
  A giant cockroach (D:1)
  4 goblins
  11 hobgoblins
  12 jackals (D:1)
  5 quokkas
  5 ball pythons
  7 frilled lizards
  8 kobolds
  6 rats
87 creatures vanquished.

Notes
Turn   | Place    | Note
-------+----------+-------------------------------------------
     0 | D:1      | GigaChad the Armataur Fighter began the quest for the Orb.
     0 | D:1      | Reached XP level 1. HP: 19/19 MP: 1/1
    85 | D:1      | Reached XP level 2. HP: 26/26 MP: 2/2
   343 | D:1      | Reached skill level 4 in Armour
   418 | D:1      | Reached XP level 3. HP: 32/33 MP: 3/3
   482 | D:1      | Found Rifaad's Weapon Emporium.
  1078 | D:2      | Reached XP level 4. HP: 35/40 MP: 4/4
  1755 | D:3      | Reached XP level 5. HP: 41/48 MP: 5/5
  2127 | D:3      | Noticed a phantom
  2128 | D:3      | Noticed a phantom
  2146 | D:3      | Killed a phantom
  2163 | D:3      | Killed a phantom
  2164 | D:3      | Reached skill level 5 in Armour
  2164 | D:3      | Reached XP level 6. HP: 15/55 MP: 6/6
  2712 | D:4      | Noticed Eustachio
  2751 | D:4      | HP: 2/55 [ufetubus[Eustachio] (1)]
  2752 | D:4      | Slain by an ufetubus

Illustrated notes

Levels and vault maps discovered:
D:1:      lemuel_arrival_funnel, layout_loops_corners, serial_shops, shop
D:2:      layout_rooms, serial_corexii_hall, chequers_hall_statues_corner_a,
          chequers_hall_statues_corner_a, corexii_hall_statues_l,
          chequers_hall_statues_y, minmay_misc_feat_chi, st_stairs_9
D:3:      layout_basic
D:4:      layout_gridville, minmay_temple_entry_statues_fountains, serial_shops,
          nicolae_shop_statue_plus, uniq_eustachio, uniq_blork_the_orc

Skill      XL: |  1  2  3  4  5 |
---------------+----------------+-----
Fighting       | 3 |  3.6
Armour         | 4 5 |  5.0
Axes           | 2 3 |  3.8
Shields        | 4 |  4.3

Action                     |  1- 3 |  4- 6 || total
---------------------------+-------+-------++-------
  Melee: War axe           |   131 |   163 ||   294
         Tailslap          |     9 |    14 ||    23
    Use: Scroll            |     1 |     5 ||     6
         Potion            |       |     1 ||     1
 Armour: Scale mail        |    80 |   118 ||   198
  Dodge: Dodged            |    53 |    83 ||   136
  Block: Buckler           |    33 |    51 ||    84
